 Dungeon Crawl Stone Soup version 0.31-a0-263-ge8cad7f256 (webtiles) character file.

Game seed: 17636266925259389365

63 Newt the Trooper (level 3, 0/30 HPs)
             Began as a Demonspawn Gladiator on July 13, 2023.
             Slain by a goblin
             ... wielding a +0 club
             ... led by Robin
              (4 damage)
             ... on level 2 of the Dungeon.
             The game lasted 00:01:30 (1746 turns).

Newt the Trooper (Demonspawn Gladiator)             Turns: 1746, Time: 00:01:31

Health: 0/30       AC:  3    Str: 16    XL:     3   Next: 87%
Magic:  2/2        EV: 12    Int:  9    God:
Gold:   78         SH:  0    Dex: 14    Spells: 2/2 levels left

rFire   . . .        a - +1 rapier
rCold   . . .        (no shield)
rNeg    . . .        b - +0 leather armour
rPois   +            (helmet restricted)
rElec   .            (no cloak)
rCorr   .            (no gloves)
SInv    .            (no boots)
Will    .....        (no amulet)
Stlth   +            (no ring)
HPRegen 0.25/turn    (no ring)
MPRegen 0.08/turn

%: no passive effects
@: brilliant
A: horns 1, low MP 1, poison resistance
a: no special abilities


You were on level 2 of the Dungeon.
You visited 1 branch of the dungeon, and saw 2 of its levels.

You collected 78 gold pieces.

Inventory:

Hand Weapons
 a - a +1 rapier (weapon)
Missiles
 d - 3 throwing nets (quivered)
 e - a javelin
Armour
 b - a +0 leather armour (worn)
 c - a +0 helmet
Wands
 i - a wand of digging (5)
Scrolls
 g - a scroll of amnesia
 h - a scroll of immolation


   Skills:
 - Level 4.0 Fighting
 - Level 2.6 Short Blades
 - Level 1.7 Throwing
 - Level 2.6 Dodging
 + Level 1.2 Stealth


You had 2 spell levels left.
You didn't know any spells.
Your spell library was empty.

Dungeon Overview and Level Annotations

Branches:
Dungeon (2/15)

Altars:

Shops:
D:2 =

Annotations:
D:2 Robin


Innate Abilities, Weirdness & Mutations

You have a pair of small horns on your head.
Your magical capacity is low. (-10% MP)
Your system is resistant to poisons. (rPois)


Message History

The goblin shouts!
You headbutt the goblin.
The goblin is severely wounded.
The goblin closely misses you. Robin throws the goblin at you!
The goblin hits you but does no damage.
A goblin comes into view. It is wielding a +0 club.
A hobgoblin comes into view.
A goblin comes into view. It is wielding a +0 club.
The goblin shouts!
Robin throws the goblin at you!
The goblin hits you with a +0 dagger. x2
You hit the goblin.
You kill the goblin!
The goblin hits you with a +0 dagger.
A kobold comes into view. It is wielding a +0 short sword.
The goblin hits you with a +0 club.
Unknown command.
The goblin attacks as you move away! The goblin hits you with a +0 dagger.
The goblin closely misses you.
Robin roars a battlecry!
The goblin goes into a battle-frenzy!
You see here a +0 dagger.
Robin throws the goblin at you! The goblin hits you with a +0 club. x2
* * * LOW HITPOINT WARNING * * *
The goblin attacks as you move away! The goblin hits you with a +0 dagger.
* * * LOW HITPOINT WARNING * * *
The goblin hits you with a +0 club.
* * * LOW HITPOINT WARNING * * *
The goblin hits you but does no damage.
It was a potion of brilliance.
You feel clever all of a sudden. The goblin closely misses you.
The goblin attacks as you move away! The goblin barely misses you.
It was a potion of mutation.
You feel extremely strange.
You feel resistant to poisons.
You feel less energetic.
The goblin no longer looks unusually strong.
The goblin barely misses you.
The hobgoblin no longer looks unusually strong.
The goblin no longer looks unusually strong.
The goblin attacks as you move away! The goblin hits you with a +0 club.
You die...

#)g..S.....
##############.g###.#.##
.............#gSg...#
..............g#g####
)............#.#.#
##############.#g# #.#
#.#.# #.# #.#g# #.#
#.#@# #.# #.#.# #.#
#.#.# #.# ..#.. ..####
.## ##


You could see a hobgoblin, 5 goblins and a ball python.

Vanquished Creatures
  A gnoll (D:1)
  2 adders (D:2)
  2 dart slugs (D:1)
  4 ball pythons
  4 bats
  3 endoplasms
  3 goblins
  A hobgoblin (D:1)
  5 frilled lizards
  4 kobolds
  3 rats
32 creatures vanquished.

Notes
Turn   | Place    | Note
-------+----------+-------------------------------------------
     0 | D:1      | Newt the Demonspawn Gladiator began the quest for the Orb.
     0 | D:1      | Reached XP level 1. HP: 16/16 MP: 1/1
   363 | D:1      | Gained mutation: You have a pair of small horns on your
                  | head. [demonic ancestry]
   363 | D:1      | Reached XP level 2. HP: 20/23 MP: 2/2
   490 | D:1      | Reached skill level 3 in Fighting
   538 | D:1      | Reached XP level 3. HP: 7/29 MP: 3/3
  1396 | D:2      | Reached skill level 4 in Fighting
  1450 | D:2      | Found Etavets's Jewellery Boutique.
  1478 | D:2      | Reached skill level 1 in Stealth
  1730 | D:2      | Noticed Robin
  1742 | D:2      | Gained mutation: Your system is resistant to poisons.
                  | (rPois) [potion of mutation]
  1742 | D:2      | Gained mutation: Your magical capacity is low. (-10% MP)
                  | [potion of mutation]
  1746 | D:2      | Slain by a goblin

Illustrated notes

Levels and vault maps discovered:
D:1:      kilobyte_arrival_exit_the_forest, layout_basic
D:2:      kennysheep_big_flooded_room, layout_loops_ring, serial_shops,
          nicolae_shop_gaudy_bauble, serial_co_window_serial,
          co_window_of_opportunity_a, co_window_paths_a, co_window_paths_a,
          co_window_corner_a, co_window_paths_a, co_window_paths_a,
          co_window_paths_b, co_window_corner_ca, co_window_broadway_a,
          co_window_broadway_b, co_window_paths_e, glass_columns_a,
          glass_columns_c, glass_columns_a, glass_columns_b, glass_columns_a,
          uniq_robin

Skill      XL: |  1  2  3 |
---------------+----------+-----
Fighting       | 3 4 |  4.0
Stealth        | 1 |  1.2
Short Blades   | |  2.6
Throwing       | |  1.7
Dodging        | |  2.6

Action                     || total
---------------------------++-------
  Melee: Rapier            ||    81
         Headbutt          ||    10
    Use: Scroll            ||     4
         Potion            ||     2
   Stab: Sleeping          ||     3
 Armour: Leather armour    ||    16
  Dodge: Dodged            ||    54

Table legend: (Time is in decaauts)
 A = Elapsed time spent in this place.
 B = Non-inter-level travel time spent in this place.
 C = Inter-level travel time spent in this place.
 D = Time resting spent in this place.
 E = Time spent auto-exploring this place.
 F = Levels seen in this place.
 G = Mean time per level.
                   A        B        C        D        E       F      G
               +--------+--------+--------+--------+--------+-----+--------+
         Total |   1754 |   1704 |     50 |    289 |   1191 |   2 |  877.0 |
       Dungeon |   1754 |   1704 |     50 |    289 |   1191 |   2 |  877.0 |
               +--------+--------+--------+--------+--------+-----+--------+

Top non-repeatable levels by time:
     D:1: 1217 daAuts
     D:2: 537 daAuts
